 Dungeon Crawl Stone Soup version 0.22-a0-86-g94e0ad4 (webtiles) character file.

21 KristoblXynda the Ruffian (level 2, 0/23 HPs)
             Began as a Draconian Transmuter on Jan 21, 2018.
             Slain by a gnoll
             ... wielding a +0 spear
              (6 damage)
             ... on level 1 of the Dungeon.
             The game lasted 00:01:50 (424 turns).

KristoblXynda the Ruffian (Draconian Transmuter)     Turns: 424, Time: 00:01:52

Health: 0/23       AC:  4    Str: 12    XL:     2   Next: 62%
Magic:  5/5        EV: 12    Int: 13    God:
Gold:   29         SH:  0    Dex: 11    Spells: 4/5 levels left

rFire    . . .     SeeInvis .     - Unarmed
rCold    . . .     Gourm    .   (no shield)
rNeg     . . .     Faith    .   (armour unavailable)
rPois    .         Spirit   .   (helmet restricted)
rElec    .         Reflect  .   (no cloak)
rCorr    .         Harm     .   (no gloves)
MR       .....                  (boots currently unavailable)
Stlth    +.........             d - amulet of magic regeneration
HPRegen  0.07/turn              (no ring)
MPRegen  0.34/turn              (no ring)

@: appendage
A: unfitting armour, talons 3, cold-blooded, AC +4
a: End Transformation


You were on level 1 of the Dungeon.
You were not hungry.
You had grown temporary talons.
You visited 1 branch of the dungeon, and saw 1 of its levels.

You collected 29 gold pieces.

Inventory:

Missiles
 a - 12 arrows
Jewellery
 d - an amulet of magic regeneration (around neck)
Scrolls
 e - a scroll of noise {unknown}
 i - a scroll of identify {unknown}
Potions
 f - a potion of agility {unknown}
 g - a potion of haste {unknown}
 h - a potion of berserk rage {unknown}
Books
 b - a book of Changes

   Spells                             Type                      Level
   a - Beastly Appendage              Transmutation                1
   b - Sticks to Snakes               Transmutation                2
   c - Spider Form                    Transmutation/Poison         3
   d - Ice Form                       Ice/Transmutation            4
   e - Blade Hands                    Transmutation                5
Comestibles
 c - 2 rations


   Skills:
 - Level 1.1 Fighting
 - Level 2.1 Dodging
 + Level 3.3 Unarmed Combat
 - Level 2.0 Spellcasting
 + Level 2.5 Transmutations


You had 4 spell levels left.
You knew the following spells:

 Your Spells              Type           Power        Failure   Level  Hunger
a - Beastly Appendage     Tmut           #.....       9%          1    ##.....


Dungeon Overview and Level Annotations

Branches:
Dungeon (1/15)

Altars:


Innate Abilities, Weirdness & Mutations

Your plain brown scales are hard. (AC +4)
You cannot fit into any form of body armour.
You are cold-blooded and may be slowed by cold attacks.
You have claws for feet.


Message History

You closely miss the goblin.
The goblin is moderately wounded.
The gnoll hits you from afar with a spear.
The goblin barely misses you. The goblin barely misses you.
The gnoll hits you from afar with a spear.
Casting: Beastly Appendage
Confirm with . or Enter, or press ? or * to list all spells.
Your feet morph into talons.
The goblin barely misses you.
The gnoll hits you from afar with a spear.
You barely miss the goblin.
The goblin is moderately wounded.
The goblin hits you.
* * * LOW HITPOINT WARNING * * *
The gnoll hits you but does no damage.
You hit the goblin.
The goblin is severely wounded.
The goblin closely misses you.
The gnoll hits you from afar with a spear.
You die...

##.#. ###...#.>##.##...#
......###!...............#
...............!.##.#### #
............#.... ..##
###....##.#.#.#.# ....
................# #.##
....##.####.###.# #...
....##.####g# #.# #...
.........@g.###.# #...
..#.##.####.....#######...
...).......#.....#.#.
#.####.....'.........
#.....#.....##..
##....#.....##..
#....#.....##..
#....#.....##..
#....########..


You could see a gnoll and a goblin.

Vanquished Creatures
  A dart slug (D:1)
  A ball python (D:1)
  3 bats (D:1)
  A giant cockroach (D:1)
  5 goblins (D:1)
  A hobgoblin (D:1)
  A kobold (D:1)
  A frilled lizard (D:1)
  2 rats (D:1)
16 creatures vanquished.

Notes
Turn   | Place    | Note
-------+----------+-------------------------------------------
     0 | D:1      | KristoblXynda the Draconian Transmuter began the quest for the Orb.
     0 | D:1      | Reached XP level 1. HP: 16/16 MP: 3/3
   160 | D:1      | Reached XP level 2. HP: 18/23 MP: 5/5
   424 | D:1      | Slain by a gnoll

Vault maps used:
D:1:      grunt_arrival_lava_bath

Skill      XL: |  1 |
---------------+----+-----
Dodging        | 2 |  2.1
Fighting       | |  1.1
Unarmed Combat | |  3.3
Spellcasting   | |  2.0
Transmutations | |  2.5

Action                   || total
-------------------------++-------
Melee: Unarmed           ||    68
       Tailslap          ||    10
       Headbutt          ||     1
       Punch             ||     1
 Cast: Beastly Appendage ||     4
Armor: Skin              ||    36
Dodge: Dodged            ||    73

Table legend:
 A = Spawn XP
 B = Non-spawn XP
 C = Spawn XP percentage of total XP
 D = Spawn monster count
 E = Non-spawn monster count
 F = Spawn count percentage of total count
 G = Total turns spent on level
                    A         B        C        D         E        F      G
               +---------+---------+-------+---------+---------+-------+---------
         Total |       0 |      30 |   0.0 |       0 |      16 |   0.0 |   424
               +---------+---------+-------+---------+---------+-------+---------
           D:1 |       0 |      30 |   0.0 |       0 |      16 |   0.0 |   424
               +---------+---------+-------+---------+---------+-------+---------
